 Dungeon Crawl Stone Soup version 0.29-a0-337-g68df138881 (webtiles) character file.

Game seed: 8603683342120128987

27 Hubjo the Firebug (level 2, -3/16 HPs)
             Began as a Deep Elf Fire Elementalist on Apr 13, 2022.
             Slain by an adder (4 damage)
             ... on level 2 of the Dungeon on Apr 16, 2022.
             The game lasted 00:02:32 (1465 turns).

Hubjo the Firebug (Deep Elf Fire Elementalist)      Turns: 1465, Time: 00:02:32

Health: -3/16      AC:  2    Str:  5    XL:     2   Next: 93%
Magic:  4/8        EV: 12    Int: 19    God:
Gold:   43         SH:  0    Dex: 15    Spells: 6/7 levels left

rFire   . . .      SeeInvis .   f - +0 dagger
rCold   . . .      Faith    .   (no shield)
rNeg    . . .      Spirit   .   a - +0 robe
rPois   .          Reflect  .   (no helmet)
rElec   .          Harm     .   (no cloak)
rCorr   .          Rampage  .   (no gloves)
Will    .....                   (no boots)
Stlth   ++........              (no amulet)
HPRegen 0.05/turn               (no ring)
MPRegen 0.11/turn               (no ring)

@: brilliant, lethally poisoned (-3 -> -7)
A: no striking features
a: no special abilities


You were on level 2 of the Dungeon.
You visited 1 branch of the dungeon, and saw 3 of its levels.

You collected 43 gold pieces.

Inventory:

Hand Weapons
 f - a +0 dagger (weapon)
Missiles
 d - 5 boomerangs of dispersal (quivered)
Armour
 a - a +0 robe (worn)
Scrolls
 c - 2 scrolls of identify {unknown}
 e - a scroll of holy word {unknown}
 g - a scroll of noise {unknown}
Potions
 b - a potion of magic


   Skills:
 * Level 1.0 Fighting
 - Level 2.4 Dodging
 * Level 3.2 Stealth
 + Level 3.2 Spellcasting
 + Level 1.4 Conjurations
 + Level 3.4 Fire Magic


You had 6 spell levels left.
You knew the following spells:

 Your Spells              Type           Power      Damage    Failure   Level
a - Foxfire               Conj/Fire      72%        2x1d7     5%          1

Your spell library contained the following spells:

 Spells                   Type           Power      Damage    Failure   Level
 Scorch                   Fire           48%        2d7       5%          2
 Conjure Flame            Conj/Fire      18%        6-21      16%         3
 Inner Flame              Hex/Fire       14%        N/A       22%         3
 Flame Wave               Conj/Fire      18%        2d6       47%         4


Dungeon Overview and Level Annotations

Branches:
Dungeon (3/15)

Altars:

Shops:
D:3 =


Message History

The orc priest is lightly wounded.
Casting: Foxfire (safe; 5% risk of failure)
Confirm with . or Enter, or press ? or * to list all spells.
You conjure some foxfire!
The foxfire hits the orc priest but does no damage.
The orc priest is lightly wounded.
The foxfire hits the orc priest but does no damage.
The orc priest is lightly wounded.
An endoplasm comes into view.
The foxfire hits the orc priest but does no damage.
The orc priest is lightly wounded.
The foxfire hits the orc priest but does no damage.
The orc priest is lightly wounded.
The foxfire hits the orc priest.
The orc priest is heavily wounded.
The adder bites you.
You are poisoned.
The adder poisons you!
You feel sick. The adder bites you.
There is a stone staircase leading up here.
You feel sick. The adder bites you but does no damage.
You climb upwards.
You feel sick.
There is a stone staircase leading down here.
Casting: Foxfire (safe; 5% risk of failure)
Confirm with . or Enter, or press ? or * to list all spells.
You conjure some foxfire!
You feel sick. The adder bites you.
You are lethally poisoned!
The adder poisons you!
Casting: Foxfire (safe; 5% risk of failure)
Confirm with . or Enter, or press ? or * to list all spells.
There is not enough space to conjure foxfire!
Your foxfire dissipates!
* * * LOW HITPOINT WARNING * * *
You feel sick.
You see here a bat corpse.
It was a potion of brilliance.
You feel clever all of a sudden.
* * * LOW HITPOINT WARNING * * *
You feel sick. The adder closely misses you. The adder bites you.
You die...

.....# #..## ######.....##.#
...#.#####..#######....#.....#..#
#.....[..#..##......##...........
####.......................[.####
######......#####....#......##
#......# #....######... #.....##
#...## ####
#.....######...#########.
#......S@.##......^......
#.....###......########## #.....#
###..............
#.....####......#########
#..#.......#.....>.......
#.##.###############..<.. ##....#
#..... #..#### #..... #### #.....


You could see an adder.

Vanquished Creatures
  A dart slug (D:2)
  2 bats (D:2)
  3 endoplasms
  A hobgoblin (D:2)
  3 jackals (D:2)
  2 kobolds
  A quokka (D:3)
  4 ball pythons
  2 frilled lizards (D:2)
  3 rats
22 creatures vanquished.

Vanquished Creatures (others)
  108 foxfires
108 creatures vanquished.

Grand Total: 130 creatures vanquished

Notes
Turn   | Place    | Note
-------+----------+-------------------------------------------
     0 | D:1      | Hubjo the Deep Elf Fire Elementalist began the quest for
                  | the Orb.
     0 | D:1      | Reached XP level 1. HP: 10/10 MP: 6/6
   394 | D:1      | You fall into a shaft and drop 1 floor!
   497 | D:2      | Reached XP level 2. HP: 4/16 MP: 5/8
  1376 | D:2      | Upgraded the game from 0.29-a0-334-gb41bcbb86e to
                  | 0.29-a0-337-g68df138881
  1393 | D:2      | Reached skill level 1 in Fighting
  1450 | D:3      | Found Son Ukh's Jewellery Shoppe.
  1465 | D:2      | Slain by an adder

Illustrated notes

Levels and vault maps discovered:
D:1:      dpeg_arrival_renting, layout_basic
D:2:      layout_rooms
D:3:      layout_rooms, trog_butcher_becter, serial_shops,
          nicolae_shop_statue_plus, basic_ecumenical_altar,
          kennysheep_generic_room_9

Skill      XL: |  1  2 |
---------------+-------+-----
Stealth        | 3 |  3.2
Fighting       | 1 |  1.0
Dodging        | |  2.4
Spellcasting   | |  3.2
Conjurations   | |  1.4
Fire Magic     | |  3.4

Action                   || total
-------------------------++-------
Melee: Unarmed           ||    25
       Dagger            ||     1
 Cast: Foxfire           ||    68
  Use: Potion            ||     1
Armor: Robe              ||     8
Dodge: Dodged            ||    42

Table legend: (Time is in decaauts)
 A = Elapsed time spent in this place.
 B = Non-inter-level travel time spent in this place.
 C = Inter-level travel time spent in this place.
 D = Time resting spent in this place.
 E = Time spent auto-exploring this place.
 F = Levels seen in this place.
 G = Mean time per level.
                   A        B        C        D        E       F      G
               +--------+--------+--------+--------+--------+-----+--------+
         Total |   1467 |   1432 |     35 |      0 |   1217 |   3 |  489.0 |
       Dungeon |   1467 |   1432 |     35 |      0 |   1217 |   3 |  489.0 |
               +--------+--------+--------+--------+--------+-----+--------+

Top non-repeatable levels by time:
     D:2: 998 daAuts
     D:1: 394 daAuts
     D:3: 75 daAuts
